AoeStats
← koppzer

Lombardia

509990767Analyzed
4v4 RM · 3d ago on Sep 28, 2026· 50m 47s· 8 players
Game mode
Random Map
Map size
Large (8 player)
Population
200
Speed
Normal
Resources
Standard
Victory
Conquest
Starting age
Dark Age
Ending age
Imperial Age
RankedLock teamsTeams togetherTeam positionsShared explorationLock speedFull tech treeHidden civsTurbo modeCheats
Victory
Defeat
🇨🇳 Berbers · China
1355
+15
🇲🇽 Khitans · Mexico
1354
+15
🇲🇽 Hindustanis · Mexico
1342
+16
🇧🇩 Mongols · Bangladesh
1342
+16
🇵🇪 Persians · Peru
1372
-17
🇵🇪 Chinese · Peru
1361
-16
🇨🇦 Tatars · Canada
1323
-15
🇦🇷 Britons · Argentina
1302
-14
koppzer
5:13 Loom
9:39 Feudal Age
10:31 Double-Bit Axe
10:41 Horse Collar
16:51 Forging
20:05 Castle Age
19:26 Bloodlines
19:35 Forging
20:06 Gold Mining
21:12 Bow Saw
23:44 Fletching
25:51 Wheelbarrow
25:39 Bodkin Arrow
29:46 Husbandry
31:18 Padded Archer Armor
34:48 Imperial Age
33:01 Murder Holes
33:29 Ballistics
33:36 Scale Mail Armor
33:39 Padded Archer Armor
34:44 Hand Cart
37:10 Bracer
38:32 Leather Archer Armor
40:05 Ring Archer Armor
40:44 Chemistry
40:12 Caravan
41:22 Heavy Cavalry Archer
42:16 Town Watch
43:31 Heavy Plow
45:16 Light Cavalry
46:07 Scale Barding Armor
46:38 Iron Casting
46:22 Elite Steppe Lancer
50:31 Heavy Camel Rider
Fenix
0:27 Loom
9:41 Feudal Age
11:11 Double-Bit Axe
15:45 Town Watch
20:54 Castle Age
20:32 Gold Mining
22:04 Bow Saw
21:35 Horse Collar
26:32 Imperial Age
25:06 Fletching
26:25 Bodkin Arrow
27:53 Conscription
28:26 Wheelbarrow
27:54 Bracer
31:01 Padded Archer Armor
31:49 Ballistics
32:29 Chemistry
33:34 Leather Archer Armor
34:50 Ring Archer Armor
34:51 Great Wall
36:21 Wheelbarrow
35:49 Town Patrol
38:25 Forging
39:19 Gold Shaft Mining
39:29 Masonry
39:20 Guard Tower
41:30 Iron Casting
40:25 Elite Chu Ko Nu
42:17 Caravan
45:49 Blast Furnace
45:21 Architecture
45:39 Squires
46:17 Pikeman
47:27 Elite Fire Lancer
49:38 Scale Mail Armor
Anakin
6:13 Loom
10:18 Feudal Age
18:35 Castle Age
26:11 Gold Mining
29:28 Fletching
34:07 Imperial Age
32:18 Scale Barding Armor
33:08 Forging
33:19 Chain Barding Armor
34:08 Wheelbarrow
33:43 Caravan
35:02 Iron Casting
36:05 Plate Barding Armor
35:57 Hand Cart
36:06 Bloodlines
35:57 Husbandry
36:27 Conscription
36:32 Town Watch
36:10 Elite War Elephant
37:54 Blast Furnace
37:40 Town Patrol
37:40 Bodkin Arrow
38:30 Gold Shaft Mining
38:50 Double-Bit Axe
38:48 Horse Collar
39:00 Stone Mining
41:31 Bow Saw
41:26 Heavy Plow
42:56 Padded Archer Armor
44:06 Citadels
43:57 Kamandaran
44:33 Hoardings
45:04 Light Cavalry
47:41 Two-Man Saw
kbmatador17
8:35 Loom
11:08 Feudal Age
15:19 Castle Age
13:24 Double-Bit Axe
13:23 Horse Collar
14:06 Gold Mining
16:37 Bow Saw
17:11 Heavy Plow
22:06 Town Watch
23:00 Wheelbarrow
24:18 Hand Cart
24:40 Fletching
25:47 Bodkin Arrow
28:24 Ballistics
28:15 Masonry
31:31 Imperial Age
29:56 Stone Mining
30:39 Padded Archer Armor
30:37 Treadmill Crane
32:23 Bracer
32:39 Leather Archer Armor
33:29 Chemistry
33:01 Architecture
32:36 Siege Engineers
32:54 Conscription
32:07 Elite Longbowman
33:52 Yeomen
35:05 Caravan
35:35 Coinage
35:16 Guilds
36:23 Two-Man Saw
36:15 Warwolf
38:19 Gold Shaft Mining
38:20 Ring Archer Armor
39:12 Banking
38:53 Guilds
50:11 Hoardings
mike
0:54 Loom
10:39 Feudal Age
18:08 Double-Bit Axe
21:26 Castle Age
19:48 Horse Collar
22:22 Wheelbarrow
24:37 Hand Cart
25:40 Bow Saw
28:53 Fletching
30:37 Town Watch
31:07 Town Watch
34:05 Gold Mining
37:11 Imperial Age
35:28 Gold Shaft Mining
35:29 Scale Barding Armor
35:35 Forging
36:39 Chain Barding Armor
36:21 Husbandry
36:33 Bloodlines
37:46 Iron Casting
37:16 Heavy Camel Rider
38:37 Plate Barding Armor
39:03 Imperial Camel Rider
40:49 Blast Furnace
42:42 Caravan
42:34 Light Cavalry
44:46 Two-Man Saw
44:51 Conscription
45:40 Heavy Plow
46:58 Grand Trunk Road
49:00 Squires
48:45 Arson
49:28 Elite Ghulam
50:12 Scale Mail Armor
51:18 Chain Mail Armor
FlashKiller
4:47 Loom
9:57 Feudal Age
12:15 Forging
17:02 Double-Bit Axe
21:17 Castle Age
19:15 Domestication
21:37 Wheelbarrow
21:16 Gold Mining
24:09 Iron Casting
24:42 Husbandry
30:35 Scale Barding Armor
30:52 Hand Cart
33:27 Imperial Age
32:10 Chain Barding Armor
31:31 Light Cavalry
33:35 Stone Mining
35:02 Plate Barding Armor
33:54 Heavy Camel Rider
35:01 Bow Saw
34:54 Hussar
38:10 Hand Cart
37:57 Pastoralism
39:04 Two-Man Saw
40:28 Conscription
40:27 Scale Mail Armor
40:47 Elite Liao Dao
41:46 Chain Mail Armor
42:48 Caravan
48:10 Ordo Cavalry
网恋被骗50块
11:06 Feudal Age
13:05 Double-Bit Axe
15:36 Castle Age
14:16 Horse Collar
17:58 Loom
19:51 Bow Saw
23:39 Wheelbarrow
22:51 Town Watch
24:18 Heavy Plow
25:11 Gold Mining
26:12 Hand Cart
29:32 Fletching
30:04 Thumb Ring
30:35 Bloodlines
30:25 Husbandry
30:23 Bodkin Arrow
30:28 Padded Archer Armor
30:54 Ballistics
33:12 Imperial Age
30:54 Treadmill Crane
31:09 Murder Holes
32:35 Gold Shaft Mining
32:45 Stone Mining
33:15 Leather Archer Armor
35:06 Chemistry
34:59 Kasbah
35:19 Conscription
35:03 Bracer
35:33 Ring Archer Armor
36:42 Maghrebi Camels
37:37 Scale Barding Armor
37:42 Forging
38:46 Crop Rotation
38:50 Masonry
40:03 Hoardings
39:26 Elite Genitour
43:13 Caravan
43:24 Guilds
48:22 Iron Casting
48:07 Chain Barding Armor
Gunslinger
10:46 Feudal Age
11:43 Double-Bit Axe
12:09 Loom
15:56 Castle Age
17:27 Bow Saw
18:01 Horse Collar
23:12 Wheelbarrow
24:07 Heavy Plow
24:55 Hand Cart
25:03 Stone Mining
25:05 Gold Mining
27:07 Stone Shaft Mining
27:09 Gold Shaft Mining
35:56 Imperial Age
35:22 Ballistics
34:57 Fletching
35:07 Padded Archer Armor
36:27 Bodkin Arrow
36:48 Leather Archer Armor
36:06 Onager
37:51 Chemistry
37:43 Drill
36:54 Elite Mangudai
38:58 Siege Onager
39:55 Bracer
43:29 Caravan
Connection lost

Rejoining the realm…

Still unreachable

The connection could not be restored.

Session expired

The server has moved on; the page needs a fresh start.